 Dungeon Crawl Stone Soup version 0.27-a0-1245-g940ed4fa31 (webtiles) character file.

Game seed: 16392484079852160160

309 deletemesenpai the Chopper (level 6, -1/53 HPs)
             Began as a Hill Orc Fighter on June 10, 2021.
             Succumbed to an adder's poison
             ... on level 4 of the Dungeon.
             The game lasted 00:12:22 (3064 turns).

deletemesenpai the Chopper (Hill Orc Fighter)       Turns: 3064, Time: 00:12:23

Health: -1/53      AC: 10    Str: 20    XL:     6   Next: 41%
Magic:  6/6        EV:  5    Int:  8    God:
Gold:   181        SH:  9    Dex: 11    Spells: 5/5 levels left

rFire    . . .     SeeInvis .   a - +0 war axe
rCold    . . .     Faith    .   c - +0 kite shield
rNeg     . . .     Spirit   .   s - +0 chain mail
rPois    .         Reflect  .   e - +0 helmet
rElec    .         Harm     .   (no cloak)
rCorr    .         Rampage  .   (no gloves)
Will     .....                  (no boots)
Stlth    ..........             (no amulet)
HPRegen  0.17/turn              (no ring)
MPRegen  0.10/turn              (no ring)

@: lethally poisoned (-1 -> -4)
A: no striking features
a: no special abilities


You were on level 4 of the Dungeon.
You visited 1 branch of the dungeon, and saw 4 of its levels.

You collected 181 gold pieces.

Inventory:

Hand Weapons
 a - a +0 war axe (weapon)
Missiles
 j - 2 boomerangs (quivered)
 l - 19 poisoned darts
Armour
 c - a +0 kite shield (worn)
 e - a +0 helmet (worn)
 s - a +0 chain mail (worn)
Magical Staves
 f - a staff of conjuration
 k - a staff of earth
Jewellery
 b - a +4 ring of evasion
 p - a +6 ring of intelligence
 w - a ring of fire
Scrolls
 g - a scroll of brand weapon {unknown}
 i - 3 scrolls of teleportation {unknown}
 m - 2 scrolls of blinking {unknown}
 n - a scroll of amnesia {unknown}
 o - a scroll of holy word {unknown}
 r - 2 scrolls of magic mapping {unknown}
 u - 3 scrolls of identify {unknown}
Potions
 d - 2 potions of might
 h - 2 potions of flight {unknown}
 q - 2 potions of curing {unknown}
 t - a potion of invisibility {unknown}
 v - a potion of haste {unknown}


   Skills:
 + Level 4.3 Fighting
 + Level 5.6 Axes
 * Level 1.2 Throwing
 + Level 4.1 Armour
 - Level 0.1 Dodging
 - Level 0.2 Stealth
 + Level 4.4 Shields
 * Level 1.5 Evocations


You had 5 spell levels left.
You didn't know any spells.
Your spell library was empty.

Dungeon Overview and Level Annotations

Branches:
Dungeon (4/15)
 Temple: D:4-7

Altars:

Annotations:
D:3 2 transporters, ZappyNine's ghost, weakling DEFE


Message History

The adder is severely wounded.
You block the adder's attack. The adder bites you but does no damage.
You barely miss the adder.
The adder is severely wounded.
The adder bites you. x2
You are poisoned.
The adder poisons you!
You miss the adder.
The adder is severely wounded.
You feel sick. The adder bites you.
You are more poisoned.
The adder poisons you! You block the adder's attack.
You barely miss the adder.
The adder is severely wounded.
You feel sick. The adder bites you. You block the adder's attack.
You hit the adder.
The adder is almost dead.
You feel sick. You block the adder's attack. The adder bites you.
* * * LOW HITPOINT WARNING * * *
You are more poisoned.
The adder poisons you!
You closely miss the adder.
The adder is almost dead.
You feel very sick. The adder bites you.
* * * LOW HITPOINT WARNING * * *
* * * LOW HITPOINT WARNING * * *
You feel sick. The adder bites you but does no damage. The adder bites you.
* * * LOW HITPOINT WARNING * * *
* * * LOW HITPOINT WARNING * * *
You feel sick.
Okay, then.
You closely miss the adder.
The adder is almost dead.
* * * LOW HITPOINT WARNING * * *
You feel sick. You block the adder's attack. The adder bites you.
* * * LOW HITPOINT WARNING * * *
You hit the adder.
You kill the adder!
You die...

.......# ##[...
!..##.. ##.### #..#
##. #..# # ..[#
#..#.### ##. ....
#.....## ##..#
##.##.# #..###..
#..$.##).##..####.#
### #...†##
#..##..# # ###.@#
#...#.### # ##.##
#......#####
#..####........<>.
##..........#######
#...........# #
.....##.........# #
#..## ##.........#
... ##.......... #.
#...........


There were no monsters in sight!

Vanquished Creatures
  A scorpion (D:2)
  A hound (D:3)
  A bullfrog skeleton (D:3)
  Natasha (twice) (D:2)
  4 adders
  3 gnolls (D:4)
  2 dart slugs (D:2)
  5 orcs (D:3)
  11 ball pythons
  11 bats
  4 endoplasms
  5 giant cockroaches
  2 goblins
  8 hobgoblins
  A jackal (D:2)
  8 kobolds
  2 quokkas
  2 frilled lizards
  5 rats
78 creatures vanquished.

Vanquished Creatures (others)
  4 plants (D:3)
4 creatures vanquished.

Grand Total: 82 creatures vanquished

Notes
Turn   | Place    | Note
-------+----------+-------------------------------------------
     0 | D:1      | deletemesenpai the Hill Orc Fighter began the quest for the
                  | Orb.
     0 | D:1      | Reached XP level 1. HP: 19/19 MP: 1/1
   151 | D:1      | Reached XP level 2. HP: 27/27 MP: 2/2
   159 | D:1      | Found a faded altar of an unknown god.
   280 | D:1      | Reached skill level 3 in Axes
   550 | D:1      | Reached XP level 3. HP: 33/33 MP: 3/3
   958 | D:2      | Noticed Natasha
   963 | D:2      | Killed Natasha
   964 | D:2      | Reached XP level 4. HP: 37/40 MP: 4/4
  1050 | D:2      | Reached skill level 4 in Axes
  1380 | D:2      | Noticed Natasha
  1387 | D:2      | Killed Natasha
  1955 | D:3      | Reached XP level 5. HP: 46/46 MP: 5/5
  2063 | D:3      | Reached skill level 5 in Axes
  2099 | D:2      | Reached skill level 1 in Evocations
  2269 | D:3      | Found a transporter.
  2285 | D:3      | Found a transporter.
  2297 | D:3      | Noticed ZappyNine's ghost (weakling DEFE)
  2441 | D:3      | Reached skill level 1 in Throwing
  2441 | D:3      | Reached XP level 6. HP: 50/52 MP: 6/6
  3062 | D:4      | HP: 2/53 [poisoned by an adder]
  3064 | D:4      | Succumbed to an adder's poison

Illustrated notes

Levels and vault maps discovered:
D:1:      dpeg_arrival_solitude, layout_loops_ring,
          chequers_ecumenical_altar_twisty, corexii_item_surrounded_by_moat
D:2:      layout_loops_corners, kennysheep_cluttered_room, amethyst_killhole,
          minmay_quantized, uniq_natasha
D:3:      layout_basic, gammafunk_ghost_stat_death, minmay_shallow_snake_nest
D:4:      layout_layer_cave

Skill      XL: |  1  2  3  4  5 |
---------------+----------------+-----
Axes           | 3 4 5 |  5.6
Fighting       | 4 |  4.3
Shields        | 4 |  4.4
Armour         | 4 |  4.1
Evocations     | 1 |  1.5
Throwing       | 1 |  1.2
Dodging        | |  0.1
Stealth        | |  0.2

Action                   |  1- 3 |  4- 6 || total
-------------------------+-------+-------++-------
Melee: War axe           |    66 |   150 ||   216
Throw: Boomerang         |     1 |     4 ||     5
Armor: Scale mail        |    41 |    38 ||    79
       Chain mail        |       |    90 ||    90
Dodge: Dodged            |    21 |    51 ||    72
Block: Kite shield       |    49 |   122 ||   171

Table legend: (Time is in decaauts)
 A = Elapsed time spent in this place.
 B = Non-inter-level travel time spent in this place.
 C = Inter-level travel time spent in this place.
 D = Time resting spent in this place.
 E = Time spent auto-exploring this place.
 F = Levels seen in this place.
 G = Mean time per level.
                   A        B        C        D        E       F      G
               +--------+--------+--------+--------+--------+-----+--------+
         Total |   3174 |   3094 |     80 |    305 |   1820 |   4 |  793.5 |
       Dungeon |   3174 |   3094 |     80 |    305 |   1820 |   4 |  793.5 |
               +--------+--------+--------+--------+--------+-----+--------+

Top non-repeatable levels by time:
     D:2: 1376 daAuts
     D:3: 938 daAuts
     D:1: 728 daAuts
     D:4: 131 daAuts
